cohdb
Replays
Latest Replays
All Replays
Popular Replays
Top Player Replays
Match Explorer
How It Works
Community
CoH3 Stats
Reddit
Sign in to upload your games and track your stats! →
Sign in with Steam
Match 41696369
Unlisted
Match 41696369
Overview
Messages
Build Orders
End
Kradschützen Motorcycle Team
Selects Panzerjäger Kommand Battlegroup
Selects Blockade Equipment
Panzergrenadier Squad
Panzergrenadier Squad
Construct Light Support Kompanie
MG34 Team
Selects Tank Busters
2.5-tonne Medical Truck
Fire Support Elements
Panzerjäger Mechanized Group
Combat Half-tracks
Selects Defensive Positions
Veteran Squad Leaders
Construct Mechanized Kompanie
Marder III Tank Destroyer
Panzergrenadier Squad
Panzerpioneer Squad
Construct Panzerarmee Kommand
Walking Stuka Rocket Launcher
2.5-tonne Medical Truck
Selects Crew Shock Tactics
OP.Elderbee-
Exp.002
سَۨفُـيٰانۨوٰس
mohamedkerdaoui
0
0
Comments
sign in to comment!
No comments posted yet!